AoeStats
← zNyk

Arabia

507653304Analyzed
1v1 RM · 14d ago on Sep 19, 2026· 34m 17s· 2 players
Game mode
Random Map
Map size
Tiny (2 player)
Population
200
Speed
Normal
Resources
Standard
Victory
Conquest
Starting age
Dark Age
Ending age
Imperial Age
RankedLock teamsTeams togetherTeam positionsShared explorationLock speedFull tech treeHidden civsTurbo modeCheats
Victory
Defeat
🇺🇸 Vietnamese · United States
1252
+15
🇷🇴 Vikings · Romania
1238
-15
zNyk
11:24 Feudal Age
12:39 Man-at-Arms
18:36 Scale Mail Armor
20:33 Double-Bit Axe
20:33 Horse Collar
21:13 Fletching
21:44 Padded Archer Armor
27:13 Castle Age
33:13 Chain Mail Armor
33:49 Squires
34:26 Forging
Spaldaddy
6:43 Loom
9:20 Feudal Age
10:39 Double-Bit Axe
11:40 Horse Collar
14:30 Fletching
17:09 Gold Mining
17:55 Wheelbarrow
18:25 Town Watch
22:58 Castle Age
22:35 Padded Archer Armor
23:37 Bodkin Arrow
23:04 Elite Skirmisher
23:08 Crossbowman
24:04 Thumb Ring
24:15 Bow Saw
24:38 Heavy Plow
30:56 Hand Cart
30:43 Town Patrol
32:37 Stone Mining
33:46 Ballistics
Connection lost

Rejoining the realm…

Still unreachable

The connection could not be restored.

Session expired

The server has moved on; the page needs a fresh start.